 Dungeon Crawl Stone Soup version 0.27-a0-1196-g3e9cee4cb2 (webtiles) character file.

Game seed: 8101323644421288462

88 2tc the Slasher (level 4, -4/33 HPs)
             Began as a Djinni Gladiator on May 27, 2021.
             Slain by Ijyb
             ... wielding a +0 club
              (6 damage)
             ... on level 3 of the Dungeon.
             The game lasted 00:05:34 (2895 turns).

2tc the Slasher (Djinni Gladiator)                  Turns: 2895, Time: 00:05:34

Health: -4/33      AC:  4    Str: 13    XL:     4   Next: 82%
Gold:   95         EV: 12    Int: 11    God:
                   SH:  0    Dex: 14

rFire    + + .     SeeInvis .   a - +0 long sword
rCold    x . .     Faith    .   (no shield)
rNeg     . . .     Spirit   .   b - +0 leather armour
rPois    ∞         Reflect  .   c - +0 helmet
rElec    .         Harm     .   (no cloak)
rCorr    .         Rampage  .   (no gloves)
Will     .....                  (boots unavailable)
Stlth    +.........             (no amulet)
HPRegen  0.11/turn              (no ring)
MPRegen  0.00/turn              (no ring)

@: flying
A: sickness immunity, fire resistance 2, cold vulnerability 1, float, innate
caster, hp casting, extra vitality 1
a: no special abilities


You were on level 3 of the Dungeon.
You visited 1 branch of the dungeon, and saw 3 of its levels.

You collected 95 gold pieces.

Inventory:

Hand Weapons
 a - a +0 long sword (weapon)
Missiles
 d - 3 throwing nets (quivered)
Armour
 b - a +0 leather armour (worn)
 c - a +0 helmet (worn)
Potions
 f - a potion of might {unknown}
 g - a potion of lignification {unknown}
 h - a potion of attraction {unknown}
 i - a potion of curing {unknown}


   Skills:
 - Level 2.0 Fighting
 * Level 4.1 Long Blades
 - Level 1.5 Throwing
 - Level 3.2 Dodging
 + Level 1.5 Spellcasting


You had 5 spell levels left.
You knew the following spells:

 Your Spells              Type           Power      Damage    Failure   Level
a - Shock                 Conj/Air       16%        1d4       22%         1
Your spell library was empty.

Dungeon Overview and Level Annotations

Branches:
Dungeon (3/15)

Altars:
Makhleb

Shops:
D:2 :

Annotations:
D:3 Ijyb


Innate Abilities, Weirdness & Mutations

You are immune to sickness and miasma.
You are immune to poison.
Your flesh is very heat resistant. (rF++)
You are vulnerable to cold. (rC-)
You float through the air rather than walking.
You learn spells naturally, not from books.
Your magical power is your life essence.
You have superior vitality. (+4 HP)


Message History

You closely miss the goblin.
The goblin is severely wounded.
The goblin hits you but does no damage.
You hit the goblin.
You kill the goblin!
The ball python bites you but does no damage.
The ball python closely misses you.
Ijyb the Twisted Goblin comes into view.
She is wielding a +0 club and carrying a wand of mindburst (12).
Ijyb shouts!
You hit the ball python but do no damage.
The ball python bites you but does no damage.
The ball python barely misses you.
You completely miss the ball python.
The ball python bites you but does no damage.
The ball python closely misses you. The ball python barely misses you.
The ball python grabs you. The ball python constricts you.
You barely miss the ball python.
The ball python bites you but does no damage.
The ball python constricts you.
You hit the ball python.
The ball python is severely wounded.
The ball python bites you. The ball python constricts you.
The ball python barely misses you. The ball python constricts you.
You closely miss the ball python.
The ball python is severely wounded.
The ball python bites you. The ball python constricts you.
You hit the ball python.
You kill the ball python!
Ijyb zaps a wand.
Your mind is blasted!
Okay, then.
You barely miss Ijyb. Ijyb hits you with a +0 club.
You hit Ijyb.
Ijyb is moderately wounded.
Ijyb zaps a wand.
Your mind is blasted!
Ouch! That really hurt!
* * * LOW HITPOINT WARNING * * *
It was a potion of flight.
You feel more buoyant. Ijyb hits you with a +0 club.
You die...

#.# #.# # #.##
.# .
#.##.####.#.#
#.# .#..... #
#.# .... ...
#.####.##.....
#...@g....#
#.######..>...
#.# .##.# #.#
# #.# #.# #..
#.. #...


You could see Ijyb.

Vanquished Creatures
  5 adders (D:2)
  2 worms (D:2)
  A dart slug (D:1)
  An endoplasm (D:1)
  2 giant cockroaches (D:1)
  3 goblins
  4 hobgoblins
  A quokka (D:1)
  5 ball pythons
  5 bats
  2 frilled lizards
  4 kobolds
  4 rats
39 creatures vanquished.

Notes
Turn   | Place    | Note
-------+----------+-------------------------------------------
     0 | D:1      | 2tc the Djinni Gladiator began the quest for the Orb.
     0 | D:1      | Reached XP level 1. HP: 18/18 MP: 0/0
    60 | D:1      | Reached skill level 3 in Long Blades
    60 | D:1      | Reached XP level 2. HP: 23/23 MP: 0/0
   416 | D:1      | Identified the Guide on the Creative Mountains
   465 | D:1      | Found a faded altar of an unknown god.
   785 | D:1      | Reached XP level 3. HP: 25/28 MP: 0/0
   785 | D:1      | Learned a level 1 spell: Shock
  1139 | D:2      | Reached skill level 1 in Spellcasting
  1724 | D:2      | Reached XP level 4. HP: 18/33 MP: 0/0
  1959 | D:2      | Found Amicoh's Book Shop.
  1988 | D:2      | Reached skill level 4 in Long Blades
  2870 | D:3      | Found a burning altar of Makhleb.
  2886 | D:3      | Noticed Ijyb
  2895 | D:3      | Slain by Ijyb

Illustrated notes

Levels and vault maps discovered:
D:1:      mrwooster_arrival_statue_3, layout_loops_ring,
          hellmonk_ecumenical_altar_slurped_away
D:2:      layout_basic, serial_shops, nicolae_shop_trees, minmay_cupped
D:3:      layout_loops_ring, lemuel_tele_altar, uniq_ijyb

Skill      XL: |  1  2  3  4 |
---------------+-------------+-----
Long Blades    | 3 4 |  4.1
Spellcasting   | 1 |  1.5
Fighting       | |  2.0
Throwing       | |  1.5
Dodging        | |  3.2

Action                   |  1- 3 |  4- 6 || total
-------------------------+-------+-------++-------
Melee: Long sword        |    90 |    59 ||   149
 Cast: Shock             |     5 |       ||     5
  Use: Scroll            |     3 |     1 ||     4
       Potion            |       |     1 ||     1
 Stab: Sleeping          |     1 |       ||     1
Armor: Leather armour    |    18 |    25 ||    43
Dodge: Dodged            |    75 |    34 ||   109
       Rpst.: Long sword |    27 |    11 ||    38

Table legend: (Time is in decaauts)
 A = Elapsed time spent in this place.
 B = Non-inter-level travel time spent in this place.
 C = Inter-level travel time spent in this place.
 D = Time resting spent in this place.
 E = Time spent auto-exploring this place.
 F = Levels seen in this place.
 G = Mean time per level.
                   A        B        C        D        E       F      G
               +--------+--------+--------+--------+--------+-----+--------+
         Total |   2928 |   2860 |     68 |    937 |   1541 |   3 |  976.0 |
       Dungeon |   2928 |   2860 |     68 |    937 |   1541 |   3 |  976.0 |
               +--------+--------+--------+--------+--------+-----+--------+

Top non-repeatable levels by time:
     D:2: 1395 daAuts
     D:1: 1314 daAuts
     D:3: 219 daAuts
